 Dungeon Crawl Stone Soup version 0.28-a0-1038-g9c4cb8273d (webtiles) character file.

Game seed: 4012680149021664125

501 tilp the Chiller (level 6, 26/26 HPs)
             Began as a Felid Ice Elementalist on Dec 8, 2021.
             Was an Initiate of Ru.
             Quit the game on level 5 of the Dungeon.
             The game lasted 00:09:16 (7356 turns).

tilp the Chiller (Felid Ice Elementalist)           Turns: 7356, Time: 00:09:17

Health: 26/26      AC:  2    Str:  4    XL:     6   Next: 95%
Magic:  13/13      EV: 18    Int: 19    God:    Ru [......]
Gold:   161        SH:  0    Dex: 16    Spells: 0/13 levels left
                                        Lives:  1   Deaths: 1

rFire   + . .      SeeInvis +     - Unarmed
rCold   . . .      Faith    .   (shield unavailable)
rNeg    . . .      Spirit   .   (armour unavailable)
rPois   .          Reflect  .   (helmet unavailable)
rElec   .          Harm     .   (cloak unavailable)
rCorr   .          Rampage  .   (gloves unavailable)
Will    .....      Rage     1%  (boots unavailable)
Stlth   +++.......              e - amulet of magic regeneration
HPRegen 0.08/turn               b - ring of protection from fire
MPRegen 0.53/turn               (no ring)

@: quick
A: very small, claws 1, fangs 3, see invisible, speed 1, shaggy fur 2, stealthy
paws, no weapons or thrown items, no armour, multi-lived, berserk 1
a: Renounce Religion


You were on level 5 of the Dungeon.
You worshipped Ru.
Ru was noncommittal.
You visited 2 branches of the dungeon, and saw 7 of its levels.

You collected 161 gold pieces.

Inventory:

Jewellery
 b - a ring of protection from fire (left paw)
 e - an amulet of magic regeneration (around neck)
Scrolls
 f - a scroll of noise
 j - 2 scrolls of fog
Potions
 a - a potion of attraction
 c - a potion of flight


   Skills:
 - Level 2.0 Fighting
 - Level 4.0 Dodging
 - Level 4.0 Stealth
 - Level 4.0 Unarmed Combat
 + Level 4.1 Spellcasting
 * Level 1.3 Conjurations
 + Level 1.5 Hexes
 + Level 6.1 Ice Magic


You couldn't memorise any spells.
You knew the following spells:

 Your Spells              Type           Power      Damage    Failure   Level
a - Freeze                Ice            100%       1d11      1%          1
b - Frozen Ramparts       Ice            54%        1d7       3%          3
c - Ozocubu's Armour      Ice            27%        N/A       3%          3
d - Hailstorm             Conj/Ice       18%        3d6       28%         4
e - Ensorcelled Hibernat  Hex/Ice        36%        N/A       4%          2

Your spell library contained the following spells:

 Spells                   Type           Power      Damage    Failure   Level
 Tukima's Dance           Hex            9%         N/A       22%         3
 Vampiric Draining        Necr           3%         2d6       38%         3
 Flame Wave               Conj/Fire      6%         2d4       71%         4
 Airstrike                Air            1%         N/A       80%         4
 Summon Lightning Spire   Summ/Air       3%         N/A       80%         4
 Fireball                 Conj/Fire      3%         3d4       96%         5
 Lightning Bolt           Conj/Air       3%         1d14      96%         5
 Borgnjor's Revivificati  Necr           1%         N/A       100%        8


Dungeon Overview and Level Annotations

Branches:
Dungeon (6/15)             Temple (1/1) D:4

Altars:
Ashenzari
Cheibriados
Dithmenos
Elyvilon
Fedhas
Gozag
Hepliaklqana
Kikubaaqudgha
Makhleb
Okawaru
Qazlal
Ru
Sif Muna
Trog
Uskayaw
Vehumet
Wu Jian
Xom
Yredelemnul
Zin
The Shining One

Shops:
D:4 (   D:6 *[(

Annotations:
D:6 exclusion: zombie


Innate Abilities, Weirdness & Mutations

You have sharp claws.
You have razor-sharp teeth.
You have supernaturally acute eyesight. (SInv)
You cover ground quickly. (Speed+)
You are covered in thick fur. (AC +2)
Your paws help you pounce on unaware monsters.
You are incapable of wielding weapons or throwing items.
You cannot wear armour.
You gain extra lives every three experience levels.
You tend to lose your temper in combat.


Message History

* * * LOW HITPOINT WARNING * * *
You feel sick. The necrophage misses you.
Unknown command.
It was a potion of mutation.
You feel extremely strange.
You feel a little pissed off.
* * * LOW HITPOINT WARNING * * *
You feel sick. The necrophage hits you.
* * * LOW HITPOINT WARNING * * *
Unknown command.
A red film seems to cover your vision as you go berserk!
You feel yourself moving faster!
You feel mighty!
You claw the necrophage!
The necrophage is almost destroyed.
* * * LOW HITPOINT WARNING * * *
You feel sick. The necrophage hits you.
* * * LOW HITPOINT WARNING * * *
Unknown command.
You barely miss the necrophage.
The necrophage is almost destroyed.
Unknown command.
You scratch the necrophage.
The necrophage is almost destroyed.
* * * LOW HITPOINT WARNING * * *
You feel sick. The necrophage misses you.
Unknown command.
You scratch the necrophage. Your bite misses the necrophage.
The necrophage is almost destroyed.
* * * LOW HITPOINT WARNING * * *
You feel sick. The necrophage hits you.
You die...
You feel drained.
You are now level 6!
You rejoin the land of the living...
Found a ring mail.
You see here a +0 ring mail.
There are monsters nearby!
There are monsters nearby!
There are monsters nearby!
There are monsters nearby!
There are monsters nearby!
Are you sure you want to abandon this character and quit the game? (Confirm with "yes".)

................ ..
...........# ...gS.....#
gg#......# # #........##.#
##.........#. +...........
#..>..###.#############
.............@............#
...#.........?###########.#
# ####.####### #.# #.. ..#
#.# ### #.# ######.# #.#
#......# #.# ###.#### #.#
#.# #.# #.#


There were no monsters in sight!

Vanquished Creatures
  A steam dragon (D:4)
  A sky beast (D:6)
  A kobold brigand (D:6)
  A bullfrog (D:6)
  A scorpion (D:5)
  A centaur zombie (D:6)
  2 jellies
  A bullfrog skeleton (D:3)
  4 hounds
  Jessica (D:2)
  Ijyb (D:3)
  An iguana (D:5)
  An orc wizard (D:4)
  Robin (D:2)
  4 gnolls (D:5)
  5 adders
  2 white imps (D:6)
  A worm (D:3)
  5 dart slugs
  6 orcs
  7 ball pythons
  5 endoplasms
  5 giant cockroaches
  10 goblins
  12 hobgoblins
  5 jackals
  8 quokkas
  7 bats
  7 frilled lizards
  5 kobolds
  3 rats
115 creatures vanquished.

Notes
Turn   | Place    | Note
-------+----------+-------------------------------------------
     0 | D:1      | tilp the Felid Ice Elementalist began the quest for the
                  | Orb.
     0 | D:1      | Reached XP level 1. HP: 7/7 MP: 4/4
   271 | D:1      | Reached skill level 1 in Unarmed Combat
   402 | D:1      | Reached XP level 2. HP: 5/11 MP: 0/6
  2051 | D:2      | Reached XP level 3. HP: 14/14 MP: 7/7
  2055 | D:2      | Learned a level 3 spell: Frozen Ramparts
  2265 | D:2      | Reached skill level 4 in Ice Magic
  2382 | D:2      | Noticed Robin
  2392 | D:2      | Killed Robin
  2790 | D:2      | Reached XP level 4. HP: 18/18 MP: 8/8
  3056 | D:2      | Learned a level 3 spell: Ozocubu's Armour
  3146 | D:2      | Noticed Jessica
  3150 | D:2      | Killed Jessica
  3547 | D:3      | Reached XP level 5. HP: 17/21 MP: 10/10
  3599 | D:3      | Reached skill level 5 in Ice Magic
  3804 | D:3      | Noticed Ijyb
  3812 | D:3      | Killed Ijyb
  3940 | D:3      | Found a faded altar of an unknown god.
  4504 | D:4      | Got the Reference Book on Blistering Evil Arts
  4555 | D:4      | You fall into a shaft and drop 2 floors!
  4555 | D:6      | Found Ziseadghi's Weapon Shoppe.
  4565 | D:5      | Entered Level 5 of the Dungeon
  4565 | D:5      | Noticed a necrophage
  4579 | D:6      | Noticed a sky beast
  4590 | D:6      | Killed a sky beast
  4591 | D:6      | Gained mutation: You are covered in thick fur. (AC +2)
                  | [Felid growth]
  4591 | D:6      | Reached XP level 6. HP: 24/24 MP: 4/12
  4923 | D:6      | Reached skill level 6 in Ice Magic
  5281 | D:6      | Found Toezxigh's General Store.
  5296 | D:6      | Found Suduny's Armour Boutique.
  5319 | D:5      | Reached XP level 7. HP: 28/28 MP: 9/14
  5332 | D:5      | Reached skill level 1 in Fighting
  5451 | D:4      | Found Ofiene Lun's Weapon Shop.
  5463 | D:4      | Noticed a steam dragon
  5469 | D:4      | Killed a steam dragon
  6015 | D:4      | Found a staircase to the Ecumenical Temple.
  6128 | Temple   | Entered the Ecumenical Temple
  6733 | Temple   | Became a worshipper of Ru the Awakened
  6823 | D:5      | Learned a level 2 spell: Ensorcelled Hibernation
  6828 | D:5      | Learned a level 4 spell: Hailstorm
  7275 | D:5      | Reached skill level 1 in Conjurations
  7275 | D:5      | Reached skill level 1 in Hexes
  7297 | D:5      | Gained mutation: You tend to lose your temper in combat.
                  | [potion of mutation]
  7300 | D:5      | HP: 2/45 [poisoned by a scorpion]
  7301 | D:5      | Slain by a necrophage
  7302 | D:5      | Reached XP level 6. HP: -2/37 MP: 11/13
  7356 | D:5      | Quit the game

Illustrated notes

Levels and vault maps discovered:
D:1:      amcnicky_arrival_underground_garden, layout_basic, nrook_uturn
D:2:      layout_loops_corners, nrook_mini_vaults, uniq_robin, uniq_jessica
D:3:      layout_basic, shapermc_ecumenical_altar_starsandcircs, uniq_ijyb
D:4:      layout_loops_cross, temple_doors_ab, serial_shops,
          nicolae_stop_n_shop_2
D:5:      lemuel_castle_with_subvaults [lemuel_castle_interior_carwin_1],
          layout_basic
D:6:      layout_basic, serial_shops, nicolae_shop_bloodbath_and_beyond, shop,
          shop, nicolae_shop_behind_doors, nicolae_stop_n_shop_1,
          minmay_divided_ellipse, uniq_eustachio, uniq_sigmund
Temple:   mainiacjoe_temple_starburst

Skill      XL: |  1  2  3  4  5  6  7 |
---------------+----------------------+-----
Unarmed Combat | 1 2 4 |  4.0
Ice Magic      | 4 5 6 |  6.1
Spellcasting   | 3 4 |  4.1
Dodging        | 3 4 |  4.0
Stealth        | 3 4 |  4.0
Fighting       | 2 |  2.0
Conjurations   | 1 |  1.3
Hexes          | 1 |  1.5

Action                   |  1- 3 |  4- 6 |  7- 9 || total
-------------------------+-------+-------+-------++-------
Melee: Unarmed           |    17 |    63 |    17 ||    97
       Bite              |     1 |     7 |       ||     8
 Cast: Freeze            |    41 |    39 |    20 ||   100
       Frozen Ramparts   |     5 |    10 |    11 ||    26
       Ozocubu's Armour  |       |    10 |     7 ||    17
Evoke: Wand              |       |     3 |       ||     3
  Use: Scroll            |     3 |     3 |     3 ||     9
       Potion            |       |       |     4 ||     4
 Stab: Sleeping          |     7 |     9 |     4 ||    20
       Paralysed         |       |     6 |       ||     6
Armor: Skin              |     2 |    21 |     5 ||    28
Dodge: Dodged            |    48 |    85 |    28 ||   161

Table legend: (Time is in decaauts)
 A = Elapsed time spent in this place.
 B = Non-inter-level travel time spent in this place.
 C = Inter-level travel time spent in this place.
 D = Time resting spent in this place.
 E = Time spent auto-exploring this place.
 F = Levels seen in this place.
 G = Mean time per level.
                   A        B        C        D        E       F      G
               +--------+--------+--------+--------+--------+-----+--------+
         Total |   6499 |   6163 |    336 |   1056 |   4133 |   7 |  928.4 |
       Dungeon |   5967 |   5712 |    255 |   1056 |   3692 |   6 |  994.5 |
        Temple |    531 |    450 |     81 |      0 |    440 |   1 |  531.0 |
               +--------+--------+--------+--------+--------+-----+--------+

Top non-repeatable levels by time:
     D:1: 1800 daAuts
     D:2: 1257 daAuts
     D:4: 1041 daAuts
     D:3: 890 daAuts
     D:6: 680 daAuts
  Temple: 531 daAuts
     D:5: 298 daAuts
